 Dungeon Crawl Stone Soup version 0.30-a0-279-g4b46babb21 (webtiles) character file.

Game seed: 17414276622209574558

2361 bande the Chopper (level 9, -4/54 HPs)
             Began as a Gargoyle Fighter on Oct 16, 2022.
             Was a Believer of Okawaru.
             Slain by a wight
             ... wielding a +0 war axe
              (7 damage)
             ... on level 8 of the Dungeon.
             The game lasted 00:12:52 (7131 turns).

bande the Chopper (Gargoyle Fighter)                Turns: 7131, Time: 00:12:53

Health: -4/54      AC: 24    Str: 23    XL:     9   Next: 44%
Magic:  12/12      EV:  6    Int:  9    God:    Okawaru [**....]
Gold:   355        SH:  5    Dex: 13    Spells: 8/8 levels left

rFire   . . .      SeeInvis .    a - +1 war axe (flame)
rCold   . . .      Faith    .    c - +0 buckler
rNeg    + . .      Spirit   .    y - +0 plate armour
rPois   ∞          Reflect  .    n - +1 helmet
rElec   +          Harm     .    m - +0 cloak
rCorr   .          Rampage  .    g - +0 pair of gloves of Fortification {Will+ Str+3}
Will    +....                    (no boots)
Stlth   ..........               (no amulet)
HPRegen 0.29/turn                (no ring)
MPRegen 0.13/turn                (no ring)

@: no status effects
A: sickness immunity, AC +6, negative energy resistance 1, electricity
resistance, torment resistance 1, petrification resistance
a: Renounce Religion, Heroism


You were on level 8 of the Dungeon.
You worshipped Okawaru.
Okawaru was pleased with you.
You visited 2 branches of the dungeon, and saw 10 of its levels.

You collected 355 gold pieces.

Inventory:

Hand Weapons
 a - a +1 war axe of flaming (weapon)
 u - a +0 war axe
Missiles
 v - a throwing net (quivered)
Armour
 c - a +0 buckler (worn)
 g - the +0 pair of gloves of Fortification (worn) {Will+ Str+3}
   (You acquired it on level 3 of the Dungeon)

   Str:       It affects your strength (+3).
   Will:      It increases your willpower.
 h - a +1 ring mail of fire resistance
 m - a +0 cloak (worn)
 n - a +1 helmet (worn)
 y - a +0 plate armour (worn)
Wands
 j - a wand of flame (33)
 w - a wand of roots (7)
Scrolls
 b - 2 scrolls of teleportation
 p - 3 scrolls of blinking
 q - a scroll of amnesia
 r - a scroll of enchant armour
Potions
 d - 4 potions of might
 e - 3 potions of flight
 f - 2 potions of invisibility
 i - a potion of degeneration {unknown}
 k - 3 potions of heal wounds
 l - 2 potions of haste {unknown}
 o - 2 potions of curing {unknown}
 s - a potion of berserk rage {unknown}
 t - 2 potions of lignification {unknown}
 x - a potion of brilliance {unknown}


   Skills:
 + Level 5.5 Fighting
 + Level 7.1 Axes
 + Level 6.5 Armour
 + Level 5.1 Shields
 * Level 4.9 Invocations
 * Level 3.3 Evocations


You had 8 spell levels left.
You didn't know any spells.
Your spell library contained the following spells:

 Spells                   Type           Power      Damage    Failure   Level
 Static Discharge         Conj/Air       0%         2-2/arc   100%        2
 Vhi's Electric Charge    Tloc/Air       0%         N/A       100%        3
 Arcjolt                  Conj/Air       0%         1d10      100%        5
 Lightning Bolt           Conj/Air       0%         1d11      100%        5


Dungeon Overview and Level Annotations

Branches:
Dungeon (9/15)             Temple (1/1) D:4
   Lair: D:8-11         Orc: D:9-12

Altars:
Ashenzari
Cheibriados
Elyvilon
Fedhas
Hepliaklqana
Makhleb
Nemelex Xobeh
Okawaru
Qazlal
Ru
Sif Muna
Uskayaw
Vehumet
Xom
Yredelemnul
The Shining One

Shops:
D:4 [


Innate Abilities, Weirdness & Mutations

You are immune to sickness and miasma.
Your stone body is resilient. (AC +6)
You are immune to poison.
You resist negative energy. (rN+)
You are resistant to electric shocks. (rElec)
You are resistant to unholy torment.
You are immune to petrification.


Message History

You block the killer bee's attack.
The wight hits you with a +2 long sword.
You block the wight's attack. The killer bee barely misses you.
The killer bee stings you but does no damage.
You closely miss the wight.
You hit the killer bee but do no damage.
You slash the wight! You burn the wight. You slash the killer bee!
You burn the killer bee.
You kill the killer bee!
Okawaru accepts your kill.
The killer bee stings you but does no damage.
The wight hits you with a +4 falchion. The wight barely misses you.
The killer bee stings you but does no damage.
You barely miss the wight. You hit the wight but do no damage.
You hit the killer bee. You burn the killer bee.
You kill the killer bee!
Okawaru accepts your kill.
You hit the wight but do no damage. You closely miss the wight.
The wight hits you but does no damage. The wight hits you with a +0 war axe.
The wight hits you but does no damage. The wight hits you with a +3 mace.
You closely miss the wight. You hit the wight but do no damage.
You completely miss the wight. You hit the wight. You burn the wight.
You destroy the wight!
Okawaru accepts your kill. The wight hits you but does no damage.
The wight barely misses you. You block the wight's attack.
You barely miss the wight. x2; You hit the wight but do no damage.
The wight hits you with a +4 falchion. The wight hits you with a +0 war axe!
* * * LOW HITPOINT WARNING * * *
The wight hits you but does no damage. x2; The wight hits you with a +3 mace.
* * * LOW HITPOINT WARNING * * *
The wight barely misses you.
Unknown command.
You hit the wight. You burn the wight.
The wight is moderately damaged.
You hit the wight. You burn the wight. You hit the wight but do no damage.
The wight hits you with a +4 falchion.
* * * LOW HITPOINT WARNING * * *
The wight hits you but does no damage. The wight hits you with a +0 war axe!
You die...

....## #......... ......###
##.........
#........####..........
##.....................
#....................#
#....#..............#
...............†zz#
..............)@#
###..........z##
#.............##
#..............###
##................##
##............#.....###
##.>.....####..###.....####
#.....#### #..# ###.......
....### ##..# #.......


You could see 3 wights.

Vanquished Creatures
  An unseen horror (D:9)
  2 water moccasins
  2 black bears (D:6)
  An orc warrior (D:6)
  A sky beast (D:7)
  2 centaurs
  2 phantoms (D:5)
  A kobold brigand (D:9)
  Blork the orc (D:4)
  A bullfrog (D:7)
  A necrophage (D:7)
  2 scorpions (D:5)
  A wight (D:8)
  5 killer bees (D:8)
  4 hounds
  A jelly (D:7)
  An orc priest (D:7)
  Crazy Yiuf (D:7)
  2 iguanas
  2 orc wizards
  3 gnolls (D:6)
  7 adders
  A shadow imp (D:7)
  A white imp (D:8)
  2 worms (D:2)
  A dart slug (D:2)
  18 orcs
  8 endoplasms
  5 giant cockroaches
  4 goblins
  7 hobgoblins
  8 jackals
  4 quokkas
  7 ball pythons
  2 bats
  10 frilled lizards
  13 kobolds
  3 rats
138 creatures vanquished.

Vanquished Creatures (others)
  A fungus (D:6)
1 creature vanquished.

Grand Total: 139 creatures vanquished

Notes
Turn   | Place    | Note
-------+----------+-------------------------------------------
     0 | D:1      | bande the Gargoyle Fighter began the quest for the Orb.
     0 | D:1      | Reached XP level 1. HP: 14/14 MP: 1/1
    35 | D:1      | Reached XP level 2. HP: 19/19 MP: 2/2
    51 | D:1      | Found a faded altar of an unknown god.
    67 | D:1      | Reached skill level 2 in Axes
   226 | D:1      | Reached XP level 3. HP: 24/24 MP: 3/3
   743 | D:2      | Reached XP level 4. HP: 28/29 MP: 4/4
   807 | D:2      | Found a hazy altar of Hepliaklqana.
  1411 | D:3      | Reached skill level 3 in Axes
  1438 | D:3      | Found a radiant altar of Vehumet.
  1440 | D:3      | Found a glowing golden altar of the Shining One.
  1603 | D:3      | Identified a scroll of acquirement
  1603 | D:3      | Acquired the +0 pair of gloves of Fortification {Will+
                  | Str+3}
  1636 | D:3      | Found a sacrificial altar of Ru.
  2150 | D:4      | Found a staircase to the Ecumenical Temple.
  2177 | Temple   | Entered the Ecumenical Temple
  2182 | Temple   | Became a worshipper of Warmaster Okawaru
  2364 | D:4      | Reached XP level 5. HP: 31/33 MP: 5/5
  2393 | D:4      | Found Xuteufie's Antique Armour Boutique.
  2631 | D:4      | Found a hazy altar of Hepliaklqana.
  2648 | D:4      | Noticed Blork the orc
  2658 | D:4      | Killed Blork the orc
  2659 | D:4      | Reached skill level 1 in Invocations
  2871 | D:5      | Entered Level 5 of the Dungeon
  2896 | D:5      | Reached skill level 4 in Axes
  2896 | D:5      | Reached XP level 6. HP: 35/38 MP: 5/7
  2998 | D:5      | Reached * piety under Okawaru
  3124 | D:5      | Reached XP level 7. HP: 44/44 MP: 8/8
  3612 | D:6      | Reached skill level 5 in Axes
  3620 | D:6      | Reached skill level 1 in Evocations
  3963 | D:6      | Reached skill level 5 in Armour
  4130 | D:6      | Reached XP level 8. HP: 48/48 MP: 10/10
  4143 | D:6      | Found a snail-covered altar of Cheibriados.
  5164 | D:7      | Found a stormy altar of Qazlal.
  5346 | D:7      | Reached skill level 6 in Axes
  5623 | D:7      | Found a runed translucent door.
  5624 | D:7      | Noticed Crazy Yiuf
  5697 | D:7      | Reached ** piety under Okawaru
  5698 | D:7      | Reached skill level 5 in Fighting
  5768 | D:7      | Found a burning altar of Makhleb.
  5831 | D:7      | Found a hide-covered altar of Uskayaw.
  6186 | D:7      | Killed Crazy Yiuf
  6505 | D:9      | Reached XP level 9. HP: 36/54 MP: 12/12
  6511 | D:9      | Reached skill level 5 in Shields
  6539 | D:9      | HP: 2/54 [something (4)]
  6554 | D:9      | Killed an unseen horror
  7051 | D:8      | Reached skill level 7 in Axes
  7131 | D:8      | Slain by a wight

Illustrated notes

Levels and vault maps discovered:
D:1:      roderic_chinese_lattice_arrival, layout_rooms,
          hellmonk_ecumenical_altar_blasted, dreamdust_wishing_well
D:2:      layout_basic, basic_altar, serial_forest, infiniplex_forest_zigzag_2,
          infiniplex_forest_clump_long, infiniplex_forest_lined_3,
          infiniplex_forest_clump_double, infiniplex_forest_lined_room_,
          infiniplex_forest_clump_large, infiniplex_forest_lined_3,
          infiniplex_forest_clump_medium, infiniplex_forest_lined_1,
          infiniplex_forest_lined_room_2
D:3:      cheibrodos_old_hovel, layout_loops_ring, lemuel_tele_altar,
          jmf_multi_god_temple, minivault_26, minmay_misc_feat_plants,
          eino_curves_04
D:4:      layout_gridville, mainiacjoe_overflow_surrounded_room, temple_pool_b,
          serial_shops, nicolae_stop_n_shop_2, uniq_blork_the_orc
D:5:      layout_rooms, st_stairs_4
D:6:      layout_loops_ring, kennysheep_mini_moat, serial_aquarium,
          aquarium_bridge_straight [aquarium_subvault_bridge,
          aquarium_subvault_wall, aquarium_subvault_bridge,
          aquarium_subvault_wall], aquarium_window_corner, aquarium_window_2,
          aquarium_window_corner, aquarium_view_2c, feat_on_display
D:7:      layout_loops_corners, grunt_qazlal_sundering,
          nicolae_overflow_squiral, palyth_stone_intersect,
          hangedman_glass_teeth, uniq_crazy_yiuf_cottage
D:8:      layout_layer_cave, overflow_temple_1_default
D:9:      layout_basic, erik_orc_2
Temple:   cyrus_circular_temple

Skill      XL: |  1  2  3  4  5  6  7  8  9 |
---------------+----------------------------+-----
Axes           | 2 3 4 5 6 7 |  7.1
Fighting       | 4 5 |  5.5
Armour         | 4 5 6 |  6.5
Invocations    | 1 2 3 4 |  4.9
Shields        | 4 5 |  5.1
Evocations     | 1 2 3 |  3.3

Action                   |  1- 3 |  4- 6 |  7- 9 || total
-------------------------+-------+-------+-------++-------
Melee: War axe           |   109 |   170 |   247 ||   526
  Use: Scroll            |       |    12 |     3 ||    15
       Potion            |       |       |     1 ||     1
Armor: Scale mail        |    56 |       |       ||    56
       Chain mail        |    35 |   115 |    70 ||   220
       Plate armour      |       |       |   249 ||   249
Dodge: Dodged            |    60 |    62 |    99 ||   221
Block: Buckler           |    28 |    48 |    82 ||   158

Table legend: (Time is in decaauts)
 A = Elapsed time spent in this place.
 B = Non-inter-level travel time spent in this place.
 C = Inter-level travel time spent in this place.
 D = Time resting spent in this place.
 E = Time spent auto-exploring this place.
 F = Levels seen in this place.
 G = Mean time per level.
                   A        B        C        D        E       F      G
               +--------+--------+--------+--------+--------+-----+--------+
         Total |   7302 |   6977 |    325 |   1293 |   4115 |  10 |  730.2 |
       Dungeon |   7292 |   6967 |    325 |   1293 |   4115 |   9 |  810.2 |
        Temple |     10 |     10 |      0 |      0 |      0 |   1 |   10.0 |
               +--------+--------+--------+--------+--------+-----+--------+

Top non-repeatable levels by time:
     D:6: 1501 daAuts
     D:7: 1250 daAuts
     D:3: 878 daAuts
     D:2: 797 daAuts
     D:5: 730 daAuts
     D:4: 725 daAuts
     D:1: 552 daAuts
     D:9: 538 daAuts
     D:8: 317 daAuts
  Temple: 10 daAuts
